 Dungeon Crawl Stone Soup version 0.31-a0-252-gc4385922b5 (webtiles) character file.

Game seed: 16665109837409541835

142 qw the Shooter (level 5, -3/30 HPs)
             Began as a Gargoyle Hexslinger on July 12, 2023.
             Slain by a gnoll
             ... wielding a +0 spear
              (7 damage)
             ... on level 3 of the Dungeon.
             The game lasted 00:00:54 (1982 turns).

qw the Shooter (Gargoyle Hexslinger)                Turns: 1982, Time: 00:00:55

Health: -3/30      AC:  7    Str: 11    XL:     5   Next: 24%
Magic:  6/6        EV: 12    Int: 14    God:
Gold:   170        SH:  0    Dex: 14    Spells: 5/6 levels left

rFire   . . .        Y - +1 sling (heavy)
rCold   . . .        (no shield)
rNeg    + . .        i - +0 robe {Will+}
rPois   inf          (no helmet)
rElec   +            b - +0 cloak
rCorr   .            (no gloves)
SInv    +            (no boots)
Will    +....        h - amulet of regeneration
Stlth   +            j - ring of see invisible
HPRegen 1.05/turn    (no ring)
MPRegen 0.10/turn

%: no passive effects
@: no status effects
A: sickness immunity, AC +4, negative energy resistance 1, electricity
resistance, torment resistance 1, petrification resistance
a: no special abilities


You were on level 3 of the Dungeon.
You visited 1 branch of the dungeon, and saw 3 of its levels.

You collected 170 gold pieces.


Innate Abilities, Weirdness & Mutations

You are immune to sickness and miasma.
Your stone body is resilient. (AC +4)
You are immune to poison.
You resist negative energy. (rN+)
You are resistant to electric shocks. (rElec)
You are resistant to unholy torment.
You are immune to petrification.


   Skills:
 + Level 2.0 Fighting
 - Level 5.0 Ranged Weapons
 - Level 1.5 Dodging
 - Level 1.0 Spellcasting
 - Level 2.6 Hexes


You had 5 spell levels left.
You knew the following spells:

 Your Spells              Type           Power      Damage    Failure   Level
a - Slow                  Hex            32%        N/A       9%          1

Your spell library contained the following spells:

 Spells                   Type           Power      Damage    Failure   Level
 Inner Flame              Hex/Fire       4%         N/A       41%         3
 Portal Projectile        Hex/Tloc       8%         N/A       41%         3
 Cause Fear               Hex            4%         N/A       65%         4

Inventory:

Hand Weapons
 Y - a +1 heavy sling (weapon)
Armour
 b - a +0 cloak (worn)
 d - a +0 ring mail
 e - a +3 leather armour of cold resistance
 i - a +0 robe of willpower (worn)
Jewellery
 h - an amulet of regeneration (around neck)
 j - a ring of see invisible (left hand)
Scrolls
 a - 2 scrolls of identify
 g - 3 scrolls of fog {unknown}
 m - a scroll of torment {unknown}
Potions
 c - 2 potions of curing {unknown}
 f - 2 potions of enlightenment {unknown}
 k - a potion of berserk rage {unknown}
 l - 2 potions of haste {unknown}

Dungeon Overview and Level Annotations

Branches:
Dungeon (3/15)

Altars:


Message History

Natasha claws you.
You shoot a sling bullet.
The sling bullet closely misses Natasha.
The sling bullet barely misses the gnoll.
The gnoll hits you but does no damage. The gnoll barely misses you.
Natasha misses you. The gnoll closely misses you.
The gnoll hits you from afar with a +0 spear.
The cerulean imp closely misses you.
Natasha extends her claws.
Natasha claws you but does no damage.
You shoot a sling bullet. The sling bullet hits Natasha!
You kill Natasha!
Natasha growls in agony!
The cerulean imp disappears in a puff of smoke!
The gnoll hits you from afar with a +0 spear.
The gnoll barely misses you. The gnoll completely misses you.
The gnoll hits you with a +0 flail.
Your Ranged Weapons skill increases to level 5!
You shoot a sling bullet.
The sling bullet hits the gnoll but does no damage.
The gnoll hits you from afar with a +0 spear.
The gnoll hits you but does no damage.
You shoot a sling bullet.
The sling bullet closely misses the gnoll.
The gnoll hits you from afar with a +0 spear.
The gnoll hits you but does no damage. The gnoll barely misses you.
The gnoll hits you but does no damage.
You shoot a sling bullet.
The sling bullet hits the gnoll but does no damage.
The gnoll barely misses you. x2; The gnoll hits you but does no damage.
The gnoll hits you with a +0 flail.
You shoot a sling bullet. The sling bullet hits the gnoll.
The gnoll is lightly wounded.
The gnoll hits you from afar with a +0 spear.
The gnoll hits you but does no damage.
You shoot a sling bullet. The sling bullet hits the gnoll!
The gnoll is heavily wounded.
The gnoll barely misses you. The gnoll hits you with a +0 flail!
The gnoll hits you from afar with a +0 spear!
You die...

# #####
##.......##
...<#
#.........#
#####
#.........#
....#
###........:#
#####
#.##......)#
# #.# #..g..#
# #.# #..g# #
#.# #@#
##########.#
#.#
........##.#
#.#
........#..#
#.#
.######.#.##
#.# .# #.#.#
#.# ##
##.#.####
#.#### #
#>......#
#....# #
#.#####.#
####.#


You could see 2 gnolls.

Vanquished Creatures
  Natasha (twice) (D:3)
  A gnoll (D:3)
  3 adders
  A dart slug (D:3)
  8 endoplasms
  A giant cockroach (D:2)
  9 goblins
  7 hobgoblins
  2 quokkas
  3 ball pythons
  4 bats (D:2)
  4 frilled lizards (D:3)
  4 kobolds
  3 rats (D:2)
52 creatures vanquished.

Notes
Turn   | Place    | Note
-------+----------+-------------------------------------------
     0 | D:1      | qw the Gargoyle Hexslinger began the quest for the Orb.
     0 | D:1      | Reached XP level 1. HP: 12/12 MP: 2/2
     0 | D:1      | 0 ||| qw: Version: 0.3-a-52-g30416fa
     0 | D:1      | 0 ||| qw: Game counter: 6622
     0 | D:1      | 0 ||| qw: Melee chars always use a shield: true
     0 | D:1      | 0 ||| qw: God list: Okawaru
     0 | D:1      | 0 ||| qw: Allow faded altars: false
     0 | D:1      | 0 ||| qw: Do Orc after clearing Dungeon:15 true
     0 | D:1      | 0 ||| qw: Do second Lair branch before Depths: true
     0 | D:1      | 0 ||| qw: Lair rune preference: random
     0 | D:1      | 0 ||| qw: Goals: Normal
     0 | D:1      | 0 ||| PLANNING D:1-11
   135 | D:1      | Reached XP level 2. HP: 16/16 MP: 3/3
   610 | D:1      | Reached skill level 3 in Ranged Weapons
   654 | D:1      | 654 ||| UPGRADING to +0 ring mail.
   664 | D:1      | 664 ||| DROPPING +0 robe.
   665 | D:1      | 665 ||| UPGRADING to +0 robe of willpower.
   675 | D:1      | 675 ||| UPGRADING to amulet of regeneration.
   680 | D:1      | 680 ||| UPGRADING to ring of see invisible.
   681 | D:1      | 681 ||| READING 2 scrolls labelled MUPTUY FUFIS.
   682 | D:1      | 682 ||| READING scroll labelled FORI XIOSAICAST.
   683 | D:1      | 683 ||| READING scroll labelled GATERA AROO.
   684 | D:1      | 684 ||| READING scroll labelled JICIYDW GAELIL.
   685 | D:1      | 685 ||| DROPPING scroll of poison.
   697 | D:2      | 697 ||| STAIRDANCE
   711 | D:1      | Reached XP level 3. HP: 15/21 MP: 4/4
  1335 | D:2      | 1335 ||| UPGRADING to +0 cloak.
  1340 | D:2      | 1340 ||| READING scroll labelled QANAMO QEVUFA.
  1341 | D:2      | 1341 ||| DRINKING 2 white potions.
  1342 | D:2      | 1342 ||| DROPPING potion of invisibility.
  1387 | D:3      | 1387 ||| STAIRDANCE
  1410 | D:3      | Reached XP level 4. HP: 25/26 MP: 5/5
  1457 | D:3      | Noticed Natasha
  1461 | D:3      | Killed Natasha
  1462 | D:3      | Reached skill level 4 in Ranged Weapons
  1970 | D:3      | Reached XP level 5. HP: 30/30 MP: 6/6
  1970 | D:3      | Noticed Natasha
  1977 | D:3      | Killed Natasha
  1978 | D:3      | Reached skill level 5 in Ranged Weapons
  1982 | D:3      | HP: 4/30 [gnoll/+0 flail (8)]
  1982 | D:3      | Slain by a gnoll

Levels and vault maps discovered:
D:1:      dpeg_arrival_simpleton_a, layout_loops_ring, corexii_hall_statues_x
D:2:      layout_loops_ring
D:3:      layout_loops_ring, amethyst_overflow_temple_binary, uniq_natasha

Skill      XL: |  1  2  3  4  5 |
---------------+----------------+-----
Ranged Weapons | 3 4 5 |  5.0
Fighting       | 2 |  2.0
Dodging        | |  1.5
Spellcasting   | |  1.0
Hexes          | |  2.6

Action                     |  1- 3 |  4- 6 || total
---------------------------+-------+-------++-------
   Fire: Sling             |   139 |    48 ||   187
    Use: Scroll            |     5 |       ||     5
         Potion            |     1 |       ||     1
 Armour: Robe              |    31 |    12 ||    43
  Dodge: Dodged            |    64 |    15 ||    79

Table legend:
 A = Non-vault XP
 B = Vault XP
 C = Vault XP percentage of total XP
 D = Non-vault monster count
 E = Vault monster count
 F = Vault count percentage of total count
                 A         B        C        D         E       F
            +---------+---------+-------+---------+---------+-------
      Total |     167 |      36 |  17.7 |      51 |       1 |   1.9
            +---------+---------+-------+---------+---------+-------
        D:1 |      35 |       0 |   0.0 |      13 |       0 |   0.0
        D:2 |      44 |       0 |   0.0 |      20 |       0 |   0.0
        D:3 |      88 |      36 |  29.0 |      18 |       1 |   5.3
            +---------+---------+-------+---------+---------+-------
